 Dungeon Crawl Stone Soup version bcrawl-1.41 (webtiles) character file.

Game seed: 14756449218456274769

151220 Morbidden the Ducker (level 5, 39/41 HPs)
             Began as a Demigod Archaeologist on Apr 6, 2024.
             Quit the game on level 2 of the Dungeon.
             The game lasted 00:03:11 (2138 turns).

Morbidden the Ducker (Demigod Archaeologist)        Turns: 2138, Time: 00:03:11

Health: 39/41      AC:  6    Str: 17      XL:     5   Next: 2%
Magic:  9/9        EV: 14    Int: 17 (18) God:    Demigod [*.....]
Gold:   82         SH:  0    Dex: 15      Spells: 4/4 levels left

rFire    . . .     GDR:     28% a - +0 whip
rCold    . . .     SeeInvis .   (no shield)
rNeg     . . .     Gourm    .   c - +1 robe
rPois    .         Faith    .   d - +1 hat
rElec    .         Spirit   .   (no cloak)
rCorr    .         Reflect  .   (no gloves)
MR       .....                  k - +1 pair of boots
Stlth    ++........             (no amulet)
HPRegen  0.16/turn              (no ring)
MPRegen  0.11/turn              (no ring)

@: studying Dodging
A: high mp 1
a: Temporal Distortion


You were on level 2 of the Dungeon.
You worshipped Demigod.
Demigod was aware of your devotion.
You were not hungry.

You visited 1 branch of the dungeon, and saw 3 of its levels.

You collected 82 gold pieces.

Inventory:

Hand Weapons
 a - a +0 whip (weapon)
 b - a +0 blowgun
Missiles
 f - 6 curare-tipped needles
 j - 18 needles of frenzy {=f}
 p - 44 poisoned needles
Armour
 c - a +1 robe (worn)
 d - a +1 hat (worn)
 k - a +1 pair of boots (worn)
Wands
 o - a wand of iceblast (11)
Scrolls
 g - 2 scrolls of revelation
 i - a scroll of identify
 l - a scroll of teleportation
 r - a scroll of fear
Potions
 m - a potion of berserk rage
 n - a potion of haste
Comestibles
 e - 5 rations {!d}
 q - 5 chunks of flesh


   Skills:
 * Level 1.8 Fighting
 * Level 2.3 Maces & Flails
 * Level 1.0 Armour
 * Level 3.6 Dodging
 - Level 3.0 Stealth
 * Level 2.0 Invocations


You had 4 spell levels left.
You didn't know any spells.
Your spell library was empty.

Dungeon Overview and Level Annotations

Branches:
Dungeon (3/12)


Innate Abilities, Weirdness & Mutations

You have an increased reservoir of magic. (+10% MP)


Message History

The orc is lightly wounded.
The orc closely misses you.
You closely miss the orc.
The orc is lightly wounded.
The orc closely misses you.
You whack the orc!
You kill the orc!
Your kill strengthens your divinity.
Okay, then.
Okay, then.
No target in view!
No target in view!
No target in view!
No target in view!
HP restored.
You butcher the adder corpse.
q - 5 chunks of flesh (gained 2)
You see here an adder skeleton. x2
Done exploring.
Are you sure you want to abandon this character and quit the game? (Confirm with "yes".)

#>####### ###.### #.......
#.......# #.....########.......
#..####.###.###.#..............
#..# #.....# #....#####.......
#..# #####.###.#.######.......
#..########......[.............
#..##..............####.##..###
#.............>##..####.......#
#(###.########@##..............
#.# #.##.......##.########..#..
#.# #.##.########.# #..#.. #.#
#.##.########.# #..... #.#
#.##..........########..##. #.#
#.##########............##. #.#
#.# #..#######...##. #.###.#
#.<# #...##. #.....# #..#
##.###.


There were no monsters in sight!

Vanquished Creatures
  A scorpion (D:2)
  An adder (D:2)
  A worm (D:2)
  4 dart slugs (D:1)
  2 leopard geckos (D:1)
  An orc (D:2)
  3 bats
  2 giant cockroaches
  6 goblins
  9 hobgoblins
  10 jackals
  8 kobolds
  3 quokkas (D:2)
  5 frilled lizards
  A jackal skeleton (D:2)
  4 rats
61 creatures vanquished.

Notes
Turn   | Place    | Note
-------+----------+-------------------------------------------
     0 | D:1      | Morbidden the Demigod Archaeologist began the quest for the
                  | Orb.
     0 | D:1      | Reached XP level 1. HP: 15/15 MP: 3/3
   100 | D:1      | Reached skill level 1 in Fighting
   140 | D:1      | Reached skill level 1 in Maces & Flails
   145 | D:1      | Reached XP level 2. HP: 23/23 MP: 4/4
   407 | D:1      | Reached skill level 1 in Invocations
   440 | D:1      | Reached XP level 3. HP: 28/28 MP: 6/6
   567 | D:1      | Reached * piety under Demigod
  1039 | D:2      | Noticed a scorpion
  1076 | D:2      | Killed a scorpion
  1077 | D:2      | Reached XP level 4. HP: 7/35 MP: 7/7
  1977 | D:2      | Reached skill level 1 in Armour
  2124 | D:2      | Reached XP level 5. HP: 36/41 MP: 9/9
  2124 | D:2      | Identified a scroll of acquirement
  2124 | D:2      | Identified the amulet of Ikhluesch {Acrobat rF++} (You
                  | acquired it on level 2 of the Dungeon)
  2138 | D:2      | Quit the game

Skill      XL: |  1  2  3  4 |
---------------+-------------+-----
Fighting       | 1 |  1.8
Maces & Flails | 1 2 |  2.3
Dodging        | 3 |  3.6
Invocations    | 1 2 |  2.0
Armour         | 1 |  1.0
Stealth        | |  3.0

Action                   |  1- 3 |  4- 6 || total
-------------------------+-------+-------++-------
Melee: Whip              |   215 |    98 ||   313
 Fire: Blowgun           |       |     6 ||     6
  Use: Potion            |     2 |       ||     2
       Scroll            |       |     6 ||     6
 Stab: Sleeping          |     3 |     3 ||     6
  Eat: Chunk             |     6 |     7 ||    13
Armor: Robe              |    82 |    26 ||   108
Dodge: Dodged            |   203 |    85 ||   288
